 Dungeon Crawl Stone Soup version 0.21.1-1-g345015fe64 (webtiles) character file.

213 Brecoman the Slasher (level 6, -4/48 HPs)
             Began as a Formicid Abyssal Knight on June 21, 2018.
             Was a Believer of Lugonu.
             Slain by a hornet (10 damage)
             ... on level 2 of the Dungeon.
             The game lasted 00:14:47 (3191 turns).

Brecoman the Slasher (Formicid Abyssal Knight)      Turns: 3191, Time: 00:14:48

Health: -4/48      AC: 10    Str: 19    XL:     6   Next: 14%
Magic:  1/9        EV:  4    Int: 11    God:    Lugonu [**....]
Gold:   115        SH: 13    Dex: 10    Spells: 5/5 levels left

rFire    + . .     SeeInvis +   a - +1 falchion
rCold    + . .     Gourm    .   g - +2 shield
rNeg     . . .     Faith    .   l - +0 chain mail
rPois    +         Spirit   .   (helmet unavailable)
rElec    +         Reflect  +   (no cloak)
rCorr    +         Harm     .   (no gloves)
MR       .....                  (no boots)
Stlth    ..........             j - +4 amulet of reflection
HPRegen  0.16/turn              n - ring of resist corrosion
MPRegen  0.11/turn              (no ring)

@: resistant
A: permanent stasis, dig shafts and tunnels, four strong arms, antennae 3, slimy
green scales 1, camouflage 1
a: Dig, Shaft Self, Depart the Abyss, Bend Space, Renounce Religion


You were on level 2 of the Dungeon.
You worshipped Lugonu.
Lugonu was pleased with you.
You were near starving.

You visited 1 branch of the dungeon, and saw 3 of its levels.
You visited the Abyss 1 time.

You collected 115 gold pieces.

Inventory:

Hand Weapons
 a - a +1 falchion (weapon)
Missiles
 f - 109 stones (quivered)
 m - 2 tomahawks
Armour
 b - a +0 leather armour
 g - a +2 shield (worn)
 l - a +0 chain mail (worn)
Jewellery
 j - a +4 amulet of reflection (around neck)
 n - a ring of resist corrosion (left hand)
 p - a +3 ring of evasion {unknown}
Wands
 q - a wand of paralysis (7)
Scrolls
 h - a scroll of identify
 s - a scroll of remove curse {unknown}
Potions
 d - a potion of brilliance
 e - 2 potions of ambrosia
 i - a potion of flight
 k - a potion of haste {unknown}
 o - 2 potions of curing
Comestibles
 c - 6 rations
 t - 5 chunks of flesh


   Skills:
 - Level 3.7 Fighting
 * Level 4.6 Long Blades
 - Level 2.2 Armour
 - Level 0.9 Dodging
 + Level 4.3 Invocations


You had 5 spell levels left.
You didn't know any spells.

Dungeon Overview and Level Annotations

Branches:
Dungeon (3/15)

Altars:
Nemelex Xobeh
Uskayaw


Innate Abilities, Weirdness & Mutations

You cannot be hasted, slowed, berserked, paralysed or teleported.
You can dig through walls and to a lower floor.
Your four strong arms can wield two-handed weapons with a shield.
You have a pair of large antennae on your head. (SInv)
You are partially covered in slimy green scales. (AC +2)
Your skin changes colour to match your surroundings (Stealth+).


Message History

* * * LOW HITPOINT WARNING * * *
Your stasis prevents you from being paralysed.
You hit the hornet.
The hornet is lightly wounded.
The hornet stings you but does no damage.
You block the hornet's attack.
Your shield and chain mail prevent you from hitting the hornet.
The hornet is lightly wounded.
You block the hornet's attack.
The hornet stings you but does no damage.
You slash the hornet!
The hornet is moderately wounded.
You block the hornet's attack.
You hit the hornet.
The hornet is heavily wounded.
You block the hornet's attack. x2
You slash the hornet!
The hornet is almost dead.
You block the hornet's attack. The hornet stings you!
You die...

.....### #.# #.....##
##.....###.##8.....8#
#(.......#.###.....##
#..###.#.#.# #8...8#
#......#.#.###.....##
#...####.#.##8.....8#
#...####.#.# #.....##
.........#.# #8.y.8#
#.########.#####@###
#...........#######
###########......##
########


You could see a hornet.

Vanquished Creatures
  Ijyb (D:3)
  Natasha (twice) (D:3)
  A worker ant (D:2)
  4 adders
  2 worms (D:2)
  2 dart slugs (D:2)
  A leopard gecko (D:1)
  4 orcs (D:3)
  A ball python (D:1)
  6 giant cockroaches
  8 goblins
  3 hobgoblins
  6 jackals (D:1)
  A quokka (D:3)
  10 bats
  3 frilled lizards
  4 kobolds
  4 rats
63 creatures vanquished.

Vanquished Creatures (others)
  A kobold (D:3)
1 creature vanquished.

Grand Total: 64 creatures vanquished

Notes
Turn   | Place    | Note
-------+----------+-------------------------------------------
     0 | Abyss:1  | Brecoman the Formicid Abyssal Knight began the quest for the Orb.
     0 | Abyss:1  | Reached XP level 1. HP: 18/18 MP: 2/2
    33 | D:1      | Escaped the Abyss
   136 | D:1      | Reached XP level 2. HP: 16/24 MP: 3/3
   381 | D:1      | Reached ** piety under Lugonu
   483 | D:1      | Reached XP level 3. HP: 30/30 MP: 5/5
  1024 | D:2      | Gained mutation: Your spells are a little easier to cast, but a little less powerful. [potion of mutation]
  1024 | D:2      | Gained mutation: You are agile. (Dex +2) [potion of mutation]
  1317 | D:2      | Reached XP level 4. HP: 21/37 MP: 6/6
  1650 | D:2      | Found a hide-covered altar of Uskayaw.
  1735 | D:2      | Reached XP level 5. HP: 20/42 MP: 7/7
  2294 | D:3      | Noticed Ijyb
  2370 | D:3      | Killed Ijyb
  2668 | D:3      | Lost mutation: You are agile. (Dex +2) [potion of mutation]
  2668 | D:3      | Lost mutation: Your spells are a little easier to cast, but a little less powerful. [potion of mutation]
  2668 | D:3      | Gained mutation: Your skin changes colour to match your surroundings (Stealth+). [potion of mutation]
  2668 | D:3      | Gained mutation: You are partially covered in slimy green scales. (AC +2) [potion of mutation]
  2808 | D:3      | Noticed Natasha
  2829 | D:3      | Killed Natasha
  2829 | D:3      | Reached *** piety under Lugonu
  3098 | D:3      | Noticed Natasha
  3101 | D:3      | Reached XP level 6. HP: 47/48 MP: 9/9
  3111 | D:3      | Killed Natasha
  3139 | D:3      | Noticed a hornet
  3181 | D:2      | Found a sparkling altar of Nemelex Xobeh.
  3191 | D:2      | Slain by a hornet

Skill      XL: |  1  2  3  4  5 |
---------------+----------------+-----
Invocations    | 3 4 |  4.3
Long Blades    | 3 4 |  4.6
Fighting       | |  3.7
Armour         | |  2.2
Dodging        | |  0.9

Action                   |  1- 3 |  4- 6 || total
-------------------------+-------+-------++-------
Melee: Falchion          |   109 |   197 ||   306
Invok: Bend Space        |       |     5 ||     5
       Banish            |       |     2 ||     2
 Abil: Dig               |     1 |       ||     1
Evoke: Wand              |       |     1 ||     1
  Use: Scroll            |     6 |     3 ||     9
       Potion            |     4 |     3 ||     7
  Eat: Chunk             |     1 |     2 ||     3
       Ration            |       |     1 ||     1
Armor: Leather armour    |    19 |       ||    19
       Chain mail        |    69 |   120 ||   189
Dodge: Dodged            |    43 |    31 ||    74
Block: Shield            |   116 |   137 ||   253
       Reflection        |     2 |     2 ||     4
       Rpst.: Falchion   |    13 |    13 ||    26
